 Dungeon Crawl Stone Soup version 0.22.1-2-g9c5b331383 (webtiles) character file.

6675 DearestLeader the Archer (level 10, 0/84 HPs)
             Began as a Centaur Hunter on Nov 30, 2018.
             Was a High Priest of Okawaru.
             Slain by a black mamba (16 damage)
             ... on level 9 of the Dungeon on Dec 6, 2018.
             The game lasted 00:35:58 (11269 turns).

DearestLeader the Archer (Centaur Hunter)          Turns: 11269, Time: 00:35:58

Health: 0/84       AC: 10    Str: 15    XL:     10   Next: 73%
Magic:  13/13      EV: 13    Int: 16    God:    Okawaru [*****.]
Gold:   656        SH:  0    Dex: 13    Spells: 9/9 levels left

rFire    + . .     SeeInvis .   a - +1 shortbow
rCold    + . .     Gourm    .   (shield currently unavailable)
rNeg     . . .     Faith    .   H - +0 leather armour {rF+}
rPois    .         Spirit   .   u - +0 helmet
rElec    .         Reflect  .   I - +0 cloak
rCorr    .         Harm     .   y - +2 pair of gloves "Dacucodin" {Int+6}
MR       .....                  (no barding)
Stlth    +.........             (no amulet)
HPRegen  0.24/turn              z - ring of protection from cold
MPRegen  0.13/turn              (no ring)

@: lethally poisoned (0 -> -10), very quick
A: large, hooves 3, deformed body, speed 2, tough skin 3
a: Heroism, Finesse, Renounce Religion


You were on level 9 of the Dungeon.
You worshipped Okawaru.
Okawaru was extremely pleased with you.
You were not hungry.

You visited 3 branches of the dungeon, and saw 11 of its levels.
You also visited: Ossuary.

You collected 752 gold pieces.
You spent 96 gold pieces at shops.

Inventory:

Hand Weapons
 a - a +1 shortbow (weapon)
 c - a +1 whip of freezing
 g - a +1 dagger of venom
 n - the +11 spear "Usisouf" {flame, rC+ Dex+3}
   (You found it on level 4 of the Dungeon)

   It has been specially enchanted to burn those struck by it, causing extra
   injury to most foes and up to half again as much damage against particularly
   susceptible opponents.
   It affects your dexterity (+3).
   It protects you from cold.
 B - the +4 long sword of Qanow {drain, rN+ Dex+3}
   (You found it on level 5 of the Dungeon)

   A truly terrible weapon, it drains the life of those it strikes.
   It affects your dexterity (+3).
   It protects you from negative energy.
Missiles
 d - 175 arrows (quivered)
Armour
 j - a +0 troll leather armour
 k - a +0 scale mail
 u - a +0 helmet (worn)
 y - the +2 pair of gloves "Dacucodin" (worn) {Int+6}
   (You found it on level 4 of the Dungeon)

   It affects your intelligence (+6).
 H - a +0 leather armour of fire resistance (worn)
 I - a +0 cloak (worn)
Jewellery
 z - a ring of protection from cold (left hand)
Wands
 b - a wand of random effects (69)
 J - a wand of iceblast (13)
Scrolls
 h - 9 scrolls of enchant armour
 o - 2 scrolls of fog {unknown}
 p - 6 scrolls of teleportation
 q - 3 scrolls of remove curse
 t - 5 scrolls of amnesia
 w - 3 scrolls of magic mapping {unknown}
 A - a scroll of enchant weapon {unknown}
 G - 3 scrolls of fear {unknown}
 L - a scroll of vulnerability {unknown}
Potions
 e - 4 potions of agility
 i - 2 potions of cancellation
 l - a potion of haste
 m - a potion of heal wounds
 r - 2 potions of curing
 s - 4 potions of mutation
 v - 3 potions of might
 x - 3 potions of flight {unknown}
 C - a potion of degeneration {unknown}
 D - 2 potions of lignification {unknown}
 E - a potion of invisibility {unknown}
 F - 3 potions of brilliance {unknown}
Comestibles
 f - 22 rations
 K - 9 chunks of flesh


   Skills:
 * Level 6.7 Fighting
 - Level 1.4 Polearms
 - Level 14.1 Bows
 + Level 2.9 Armour
 + Level 6.8 Dodging
 - Level 0.4 Stealth
 + Level 4.7 Invocations


You had 9 spell levels left.
You didn't know any spells.
Your spell library was empty.

Dungeon Overview and Level Annotations

Branches:
Dungeon (9/15)             Temple (1/1) D:5            Lair (1/6) D:9
    Orc: D:9-12

Altars:
Ashenzari
Cheibriados
Dithmenos
Gozag
Nemelex Xobeh
Okawaru
Ru
Trog
Uskayaw
Vehumet
Wu Jian
Xom
The Shining One

Shops:
D:5 (!(


Innate Abilities, Weirdness & Mutations

You have hooves in place of feet.
Armour fits poorly on your strangely shaped body.
You cover ground very quickly.
You have extremely tough skin. (AC +3)


Message History

Firing (i - inventory)
d - 178 arrows (quivered)
Press: ? - help, Shift-Dir - straight line, f/p - black mamba
Aim: a black mamba (severely wounded)
You shoot an arrow. The arrow hits the black mamba.
The black mamba is almost dead.
You feel sick. The black mamba closely misses you.
Firing (i - inventory)
d - 177 arrows (quivered)
Press: ? - help, Shift-Dir - straight line, f/p - black mamba
Aim: a black mamba (almost dead)
You shoot an arrow.
The arrow closely misses the black mamba.
You feel sick.
The black mamba bites you but does no damage.
Firing (i - inventory)
d - 176 arrows (quivered)
Press: ? - help, Shift-Dir - straight line, f/p - black mamba
Aim: a black mamba (almost dead)
You shoot an arrow.
The arrow barely misses the black mamba.
You feel sick. The black mamba bites you!
You die...

......#...## #...............####
.....#.....###................###
.....#........................##.
.............PP.P.P.P............
..........#.........P............
.........##..PP...P..............
........##.P......P.P.P..........
....###.##..P.P####...PP.........
....###.#..P...#@S#..P...........
##.....)......P#..#P.PP......#...
##.....##......##'#..P...#####.#.
...###.###....PPP.P.P....# ###.#.
..## #.# ##........P.P.#.###.....
.## ##.# #.......P...P#.....##..
### #..# ##[..P.P...P....######.
..###.### #.......P.....## #.
........#####....###.....### ###.


You could see a black mamba.

Vanquished Creatures
  A tengu warrior (D:9)
  Pikel (D:7)
  Joseph (D:7)
  A rime drake (Lair:1)
  A troll (D:9)
  A tengu conjurer (D:9)
  2 hornets (D:8)
  A soldier ant (D:8)
  4 orc warriors
  2 porcupines (D:9)
  3 sky beasts (D:7)
  3 black bears
  2 ice beasts
  A slave (D:7)
  3 ogres
  A phantom (D:8)
  7 centaurs
  6 bullfrogs
  2 scorpions (D:4)
  3 killer bees (D:9)
  3 howler monkeys
  4 crimson imps
  2 bullfrog zombies (D:5)
  A centaur zombie (D:4)
  A quasit (D:6)
  4 hounds
  3 orc priests
  4 orc wizards
  A centaur skeleton (D:8)
  Jessica (D:3)
  An iguana (D:8)
  8 worker ants
  A hound zombie (D:5)
  A hound skeleton (D:8)
  8 mummies (Ossuary)
  A worker ant zombie (D:9)
  3 gnolls (D:8)
  7 adders
  A shadow imp (D:7)
  2 oozes (D:4)
  An adder zombie (D:9)
  3 adder skeletons
  2 worms
  5 leopard geckos
  37 orcs
  4 giant cockroaches
  3 gnoll zombies (Ossuary)
  5 goblins
  10 hobgoblins
  16 jackals
  3 quokkas
  A ball python (D:3)
  5 bats
  2 frilled lizards (D:3)
  2 hobgoblin zombies (Ossuary)
  5 kobolds
  2 kobold zombies (Ossuary)
  A leopard gecko skeleton (D:4)
  A leopard gecko zombie (D:5)
  An orc zombie (Ossuary)
  2 quokka zombies
  12 rats
  2 fungi (D:9)
228 creatures vanquished.

Vanquished Creatures (others)
  A slave (D:9)
  A jelly (D:7)
  4 fungi
6 creatures vanquished.

Grand Total: 234 creatures vanquished

Notes
Turn   | Place    | Note
-------+----------+-------------------------------------------
     0 | D:1      | DearestLeader the Centaur Hunter began the quest for the
                  | Orb.
     0 | D:1      | Reached XP level 1. HP: 17/17 MP: 1/1
   222 | D:1      | Reached XP level 2. HP: 13/24 MP: 2/2
   457 | D:1      | Reached skill level 6 in Bows
   938 | D:1      | Reached XP level 3. HP: 29/29 MP: 3/3
  1537 | D:2      | Found a snail-covered altar of Cheibriados.
  1801 | D:3      | Reached XP level 4. HP: 32/36 MP: 4/4
  1893 | D:3      | Reached skill level 7 in Bows
  2014 | D:3      | Noticed Jessica
  2029 | D:3      | Killed Jessica
  2158 | D:3      | Reached XP level 5. HP: 39/41 MP: 5/5
  2599 | D:4      | Reached skill level 8 in Bows
  2623 | D:4      | Got a slimy spear
  2624 | D:4      | Identified the +11 spear "Usisouf" {flame, rC+ Dex+3} (You
                  | found it on level 4 of the Dungeon)
  2920 | D:3      | HP: 2/41 [howler monkey (6)]
  2923 | D:3      | Reached XP level 6. HP: 3/48 MP: 6/6
  3282 | D:4      | Reached skill level 9 in Bows
  3432 | D:4      | Got a pair of heavily runed gloves
  3443 | D:4      | Identified the +2 pair of gloves "Dacucodin" {Int+6} (You
                  | found it on level 4 of the Dungeon)
  3622 | D:5      | Entered Level 5 of the Dungeon
  3741 | D:5      | Found a bloodstained altar of Trog.
  3804 | D:5      | Found Movehore's Weapon Emporium.
  3822 | D:5      | Reached XP level 7. HP: 54/55 MP: 7/7
  3834 | D:5      | Found Ryrougoi's Distillery.
  3843 | D:5      | Bought a potion of curing for 36 gold pieces
  3843 | D:5      | Bought a potion of heal wounds for 60 gold pieces
  3870 | D:5      | Got a crystal long sword
  3871 | D:5      | Identified the +4 long sword of Qanow {drain, rN+ Dex+3}
                  | (You found it on level 5 of the Dungeon)
  3892 | D:5      | Reached skill level 10 in Bows
  3904 | D:5      | Found Afaezumo's Antique Weapon Emporium.
  4062 | D:5      | Found a staircase to the Ecumenical Temple.
  4182 | Temple   | Entered the Ecumenical Temple
  4274 | Temple   | Became a worshipper of Warmaster Okawaru
  4614 | D:6      | Found a sand-covered staircase.
  4624 | Ossuary  | Entered an ossuary
  5254 | D:6      | Reached skill level 11 in Bows
  5278 | D:6      | Reached XP level 8. HP: 36/61 MP: 8/8
  5570 | D:6      | Reached * piety under Okawaru
  5743 | D:7      | Noticed Pikel
  5767 | D:7      | Killed Pikel
  5767 | D:7      | Reached ** piety under Okawaru
  5767 | D:7      | Reached skill level 12 in Bows
  5817 | D:7      | Noticed Joseph
  6116 | D:7      | Found a shadowy altar of Dithmenos.
  6124 | D:7      | Reached skill level 5 in Dodging
  6373 | D:7      | Reached skill level 13 in Bows
  6400 | D:7      | Reached XP level 9. HP: 66/67 MP: 9/9
  6735 | D:7      | Killed Joseph
  6735 | D:7      | Reached *** piety under Okawaru
  7262 | D:8      | Received a gift from Okawaru
  7262 | D:8      | Reached skill level 14 in Bows
  7612 | D:8      | Reached skill level 1 in Invocations
  7623 | D:8      | Reached skill level 1 in Polearms
  7724 | D:8      | Paralysed by a hornet for 1 turns
  7770 | D:9      | Noticed a troll
  8220 | D:8      | Found a hide-covered altar of Uskayaw.
  8298 | D:8      | Reached **** piety under Okawaru
  8298 | D:8      | Reached skill level 1 in Armour
  8919 | D:8      | Paralysed by a hornet for 2 turns
  8983 | D:8      | Received a gift from Okawaru
  8983 | D:8      | Reached XP level 10. HP: 24/80 MP: 12/12
  9650 | D:9      | Reached skill level 5 in Fighting
 10308 | D:9      | Noticed a tengu warrior
 10309 | D:9      | Reached ***** piety under Okawaru
 10435 | D:9      | Killed a tengu warrior
 10435 | D:9      | Received a gift from Okawaru
 10934 | D:9      | Found a staircase to the Lair.
 11051 | D:9      | Found an opulent altar of Gozag.
 11186 | Lair:1   | Entered Level 1 of the Lair of Beasts
 11225 | Lair:1   | Noticed a black mamba
 11263 | D:9      | HP: 2/84 [black mamba (9)]
 11269 | D:9      | Slain by a black mamba

Skill      XL: |  1  2  3  4  5  6  7  8  9 10 |
---------------+-------------------------------+-----
Bows           | 6 7 8 9 11 13 14 | 14.1
Dodging        | 2 3 4 5 6 |  6.8
Invocations    | 2 4 |  4.7
Polearms       | 1 |  1.4
Fighting       | 4 6 |  6.7
Armour         | 1 2 |  2.9
Stealth        | |  0.4

Action                   |  1- 3 |  4- 6 |  7- 9 | 10-12 || total
-------------------------+-------+-------+-------+-------++-------
Melee: Short sword       |    75 |       |       |       ||    75
       Kick              |    25 |    26 |    58 |     5 ||   114
       Dagger            |    59 |    72 |    37 |       ||   168
       Spear             |       |    35 |   189 |    22 ||   246
 Fire: Shortbow          |       |    43 |   232 |   255 ||   530
Invok: Heroism           |       |       |     1 |       ||     1
  Use: Scroll            |     5 |     3 |     3 |       ||    11
       Potion            |       |       |     6 |     3 ||     9
  Eat: Chunk             |     2 |     5 |    11 |     3 ||    21
       Ration            |       |       |     1 |       ||     1
Armor: Leather armour    |    45 |    38 |    91 |    36 ||   210
Dodge: Dodged            |    58 |    58 |   162 |    66 ||   344
